[Event "Titled Tuesday Blitz October 11 Late 2022"]
[White "Herman, Daniel"]
[Black "Luxama, Jacques Muller"]
[WhiteFideId "30935008"]
[BlackFideId "11900113"]
[WhiteElo "1897"]
[BlackElo "1931"]
[Result "1-0"]
[Round "02"]
[TimeControl "180+1"]
[Date "2022.10.12"]
[WhiteClock "0:00:40"]
[BlackClock "0:00:03"]

1. d4 Nf6 2. c4 g6 3. Nc3 Bg7 4. e4 d6 5. Nf3 O-O 6. h3 Nbd7 7. Bd3 e5 8. d5 Nc5 9. Bc2 a5 10. g4 Nfd7 11. Bg5 f6 12. Bh4 Nb6 13. Qe2 c6 14. O-O-O Qc7 15. Kb1 cxd5 16. Nb5 Qe7 17. cxd5 Bd7 18. Rc1 Rfc8 19. Nd2 Qe8 20. Nxd6 Qe7 21. Nxc8 Rxc8 22. f3 Qd6 23. Bf2 a4 24. a3 Kh8 25. h4 f5 26. h5 fxg4 27. hxg6 Qxg6 28. Rcg1 Nb3 29. Nxb3 axb3 30. Bxb3 Na4 31. Bxa4 Bxa4 32. Rxg4 Qd6 33. Rhg1 Bf6 34. Qc4 1-0


[Site "https://www.chess.com"]

[Event "Titled Tuesday Blitz October 11 Late 2022"]
[White "Ibadov, Dashgyn"]
[Black "Petrova, Irina"]
[WhiteFideId "24107514"]
[BlackFideId "14124122"]
[WhiteElo "2208"]
[BlackElo "2023"]
[Result "1-0"]
[Round "02"]
[TimeControl "180+1"]
[Date "2022.10.12"]
[WhiteClock "0:00:05"]
[BlackClock "0:00:10"]

1. e4 d6 2. d4 Nf6 3. Nc3 e5 4. Nf3 Nbd7 5. Bc4 Be7 6. O-O O-O 7. a4 c6 8. Qe2 h6 9. Rd1 Qc7 10. a5 Re8 11. h3 Bf8 12. d5 cxd5 13. Nxd5 Nxd5 14. Bxd5 Nf6 15. Bb3 Be6 16. Bxe6 Rxe6 17. c4 Rc8 18. b3 Nd7 19. Be3 b6 20. axb6 axb6 21. Qd3 Nc5 22. Bxc5 dxc5 23. Qc3 Qe7 24. Nh2 Rd6 25. Rd5 Rxd5 26. cxd5 g6 27. Nf1 Bg7 28. Ne3 b5 29. Ra6 Qd7 30. Rb6 c4 31. bxc4 bxc4 32. Nxc4 Qa4 33. Rb4 Qd1+ 34. Kh2 f5 35. exf5 e4 36. Qg3 Qxd5 37. Qxg6 Rxc4 38. Rb8+ 1-0


[Site "https://www.chess.com"]

[Event "Titled Tuesday Blitz October 11 Late 2022"]
[White "Jaracz, Pawel"]
[Black "Lazavik, Denis"]
[WhiteFideId "1102222"]
[BlackFideId "13515110"]
[WhiteElo "2459"]
[BlackElo "2437"]
[Result "0-1"]
[Round "02"]
[TimeControl "180+1"]
[Date "2022.10.11"]
[WhiteClock "0:00:53"]
[BlackClock "0:00:07"]

1. e4 c5 2. Nf3 e6 3. d4 cxd4 4. Nxd4 Nc6 5. Nc3 Qc7 6. Be2 Nf6 7. O-O a6 8. Be3 Be7 9. f4 d6 10. Qe1 O-O 11. Qg3 Nxd4 12. Bxd4 b5 13. a3 Bb7 14. Rae1 Bc6 15. Bd3 Qb7 16. Qh3 Nd7 17. Nd5 Nc5 18. Qg4 g6 19. Nf6+ Bxf6 20. Bxf6 Nd7 21. Bc3 Rae8 22. Qh4 f5 23. Qh6 Nc5 24. exf5 Nxd3 25. fxg6 Nxe1 26. Qg5 e5 27. f5 Qg7 28. f6 Qxg6 0-1


[Site "https://www.chess.com"]

[Event "Titled Tuesday Blitz October 11 Late 2022"]
[White "Jobava, Baadur"]
[Black "Goryachkina, Aleksandra"]
[WhiteFideId "13601520"]
[BlackFideId "4147103"]
[WhiteElo "2582"]
[BlackElo "2484"]
[Result "1-0"]
[Round "02"]
[TimeControl "180+1"]
[Date "2022.10.11"]
[WhiteClock "0:00:48"]
[BlackClock "0:00:08"]

1. b3 d5 2. Bb2 c6 3. d3 Nf6 4. Nd2 g6 5. e4 Bg7 6. Ngf3 O-O 7. e5 Nfd7 8. h4 Qc7 9. Qe2 c5 10. h5 Nc6 11. hxg6 hxg6 12. O-O-O Ndxe5 13. Nxe5 Nxe5 14. Kb1 d4 15. Ne4 a5 16. f4 Bg4 17. Qe1 Bxd1 18. fxe5 Bh5 19. Qh4 Qxe5 20. g4 f5 21. gxh5 fxe4 22. hxg6 Rf4 23. Qh7+ Kf8 24. dxe4 Qxe4 25. Bd3 Qe5 26. Bc1 Rf3 27. Bh6 Bxh6 28. Qxh6+ Ke8 29. Qh8+ Qxh8 30. Rxh8+ Rf8 31. Bb5+ 1-0


[Site "https://www.chess.com"]

[Event "Titled Tuesday Blitz October 11 Late 2022"]
[White "Kaganskiy, Gleb"]
[Black "Reprintsev, Alexander"]
[WhiteFideId "4132025"]
[BlackFideId "14100541"]
[WhiteElo "2165"]
[BlackElo "2230"]
[Result "0-1"]
[Round "02"]
[TimeControl "180+1"]
[Date "2022.10.12"]
[WhiteClock "0:00:06"]
[BlackClock "0:00:46"]

1. e4 d5 2. exd5 Qxd5 3. Nc3 Qa5 4. d4 Nf6 5. Nf3 Nc6 6. d5 Nb4 7. Bc4 e6 8. dxe6 Bxe6 9. Bxe6 fxe6 10. O-O Bd6 11. Qe2 Qf5 12. Nd4 Qe5 13. Qxe5 Bxe5 14. Nxe6 Nxc2 15. Rb1 Kf7 16. Ng5+ Kg6 17. Nge4 Rad8 18. Nxf6 Bxf6 19. Bf4 c6 20. Ne4 Rhe8 21. Nxf6 gxf6 22. Rbd1 Nd4 23. Bc7 Rd5 24. Rfe1 Re2 25. Bb8 Rxb2 26. Bxa7 Nc2 27. Rxd5 cxd5 28. Rd1 Rxa2 29. Bc5 Ra1 30. Rxa1 Nxa1 31. Kf1 Nb3 32. Bb6 Kf5 33. Ke2 Ke5 34. Kd3 Kd6 35. g4 Nc5+ 36. Kd4 Ne6+ 37. Ke3 Kc6 38. Ba7 b6 39. f4 Kb7 40. Bxb6 Kxb6 41. f5 Nd8 42. Kd4 Kc6 43. h4 Nf7 0-1


[Site "https://www.chess.com"]

[Event "Titled Tuesday Blitz October 11 Late 2022"]
[White "Kamsky, Gata"]
[Black "Janaszak, Dawid"]
[WhiteFideId "2000024"]
[BlackFideId "1119206"]
[WhiteElo "2666"]
[BlackElo "2226"]
[Result "1-0"]
[Round "02"]
[TimeControl "180+1"]
[Date "2022.10.11"]
[WhiteClock "0:00:44"]
[BlackClock "0:00:05"]

1. d4 e6 2. Bf4 d5 3. e3 Bd6 4. Nf3 Ne7 5. Bg3 b6 6. c4 Bb7 7. Nc3 a6 8. a3 O-O 9. Bd3 dxc4 10. Bxc4 Nf5 11. d5 exd5 12. Bxd5 Nxg3 13. hxg3 Bxd5 14. Qxd5 Nd7 15. g4 Nf6 16. Qf5 Qc8 17. Qxc8 Raxc8 18. g5 Ng4 19. Ke2 Rfe8 20. Rh4 f5 21. Rah1 h6 22. Nd4 hxg5 23. Rh8+ Kf7 24. Rxe8 Rxe8 25. Nxf5 Be5 26. f3 Nf6 27. e4 Bxc3 28. bxc3 Re5 29. Rh8 Rc5 30. Kd3 Nd7 31. Rd8 Ne5+ 32. Kc2 Nc4 33. Rd7+ Ke8 34. Rxg7 Nxa3+ 35. Kd3 Nb1 36. c4 b5 37. cxb5 axb5 38. Rxg5 Kd7 39. Rg7+ Kc8 40. Ne7+ Kb7 41. Nd5 Na3 42. g4 Nc4 43. g5 Ne5+ 44. Kd4 1-0


[Site "https://www.chess.com"]

[Event "Titled Tuesday Blitz October 11 Late 2022"]
[White "Kanter, Eduard"]
[Black "Svicevic, Rastko"]
[WhiteFideId "4103963"]
[BlackFideId "916315"]
[WhiteElo "2267"]
[BlackElo "2103"]
[Result "1-0"]
[Round "02"]
[TimeControl "180+1"]
[Date "2022.10.12"]
[WhiteClock "0:00:15"]
[BlackClock "0:00:03"]

1. d4 c6 2. c4 d5 3. Nf3 e6 4. g3 f5 5. Bg2 Nf6 6. O-O Bd6 7. Nc3 O-O 8. Qc2 Ne4 9. Rb1 a5 10. a3 Nd7 11. b4 axb4 12. axb4 Ndf6 13. c5 Bb8 14. b5 Nxc3 15. Qxc3 Ne4 16. Qb3 Qf6 17. Bf4 Bd7 18. Bxb8 Rfxb8 19. Ne5 Be8 20. bxc6 Nd2 21. Qb2 Nxb1 22. cxb7 Ra7 23. Rxb1 Raxb7 24. Qxb7 Rxb7 25. Rxb7 h6 26. Rb8 Qe7 27. e3 Kh7 28. Bf1 Ba4 29. Rb6 h5 30. h4 Kh6 31. Nf3 Kh7 32. Rxe6 Qb7 33. Ng5+ Kg8 34. Rd6 Kf8 35. Ne6+ Ke7 36. Nf4 Qb1 37. Nxd5+ Kf7 38. Nc3 Qb4 39. Nxa4 Qxa4 40. Rb6 Qa5 41. Rb1 Kf6 42. Rc1 Ke7 43. c6 Qc7 44. Bg2 Kd6 45. Bf3 1-0


[Site "https://www.chess.com"]

[Event "Titled Tuesday Blitz October 11 Late 2022"]
[White "Kavutskiy, Konstantin"]
[Black "De Souza, Cristiano Gomes"]
[WhiteFideId "2026384"]
[BlackFideId "2151758"]
[WhiteElo "2338"]
[BlackElo "2068"]
[Result "0-1"]
[Round "02"]
[TimeControl "180+1"]
[Date "2022.10.12"]
[WhiteClock "0:00:06"]
[BlackClock "0:00:15"]

1. d4 Nf6 2. c4 g6 3. Nc3 d6 4. e4 Bg7 5. h3 O-O 6. Be3 Nbd7 7. g4 e5 8. d5 Nc5 9. f3 a5 10. Qd2 h5 11. Nge2 Bd7 12. Nc1 a4 13. Nd3 Nxd3+ 14. Bxd3 c6 15. O-O-O cxd5 16. cxd5 Qa5 17. Kb1 b5 18. Rc1 b4 19. Ne2 Rfc8 20. Rhg1 Kf8 21. Bh6 hxg4 22. hxg4 Rxc1+ 23. Rxc1 b3 24. a3 Qxd2 25. Bxd2 Ke7 26. Bb4 Rh8 27. Bd2 Rh3 28. Ng1 Rh2 29. Bg5 Ke8 30. Rd1 Nh7 31. Be3 Bh6 32. Bxh6 Rxh6 33. Ne2 Rh3 34. Rf1 Ng5 35. Ng1 Rg3 36. Kc1 Ke7 37. Kd1 Rg2 38. Be2 f5 39. gxf5 gxf5 40. exf5 Bxf5 41. Kc1 Nh7 42. Kd2 Nf6 43. Kc3 Nxd5+ 44. Kd2 Nf4 45. Ke3 Bd7 46. Re1 d5 47. Kd2 Bb5 48. Ke3 Bxe2 49. Nxe2 Rxe2+ 50. Rxe2 Nxe2 51. Kxe2 Kf6 52. Ke3 Kf5 53. Kd3 Kf4 0-1


[Site "https://www.chess.com"]

[Event "Titled Tuesday Blitz October 11 Late 2022"]
[White "Keymer, Vincent"]
[Black "Barria Zuniga, Daniel"]
[WhiteFideId "12940690"]
[BlackFideId "3400816"]
[WhiteElo "2600"]
[BlackElo "2414"]
[Result "0-1"]
[Round "02"]
[TimeControl "180+1"]
[Date "2022.10.11"]
[WhiteClock "0:00:02"]
[BlackClock "0:00:11"]

1. Nf3 d5 2. c4 e6 3. e3 Nf6 4. Nc3 g6 5. b3 Bg7 6. Bb2 O-O 7. d4 b6 8. g3 Ba6 9. Bg2 Qe7 10. Ne5 Rd8 11. O-O c6 12. a4 Nfd7 13. Ba3 Qe8 14. f4 Nxe5 15. fxe5 dxc4 16. Ne4 cxb3 17. Rf2 Bc4 18. Nd6 Rxd6 19. Bxd6 Nd7 20. Bxc6 Rc8 21. Bb5 Bh6 22. Bxc4 Rxc4 23. Qxb3 Qc8 24. Ra3 Rc1+ 25. Kg2 Qb7+ 26. d5 exd5 27. Qd3 Nc5 28. Qd4 Rc4 29. Qd1 d4+ 30. Qf3 Qxf3+ 31. Kxf3 Bxe3 32. Rfa2 f5 33. a5 Kf7 34. axb6 axb6 35. Ra7+ Ke6 36. Re7+ Kd5 37. Raa7 g5 38. Bxc5 g4+ 39. Ke2 bxc5 40. Rad7+ Ke4 41. e6 d3+ 42. Rxd3 Rc2+ 43. Kd1 Kxd3 44. Rd7+ Bd4 45. e7 Re2 46. Kc1 c4 47. Kb1 c3 48. Rc7 c2+ 49. Rxc2 Rxe7 50. Ra2 Re1# 0-1


[Site "https://www.chess.com"]

[Event "Titled Tuesday Blitz October 11 Late 2022"]
[White "Kislinsky, Alexey"]
[Black "Pasti, Aron"]
[WhiteFideId "14108801"]
[BlackFideId "785857"]
[WhiteElo "2260"]
[BlackElo "2250"]
[Result "1/2-1/2"]
[Round "02"]
[TimeControl "180+1"]
[Date "2022.10.12"]
[WhiteClock "0:00:28"]
[BlackClock "0:00:11"]

1. e4 c5 2. c3 d5 3. exd5 Qxd5 4. Nf3 e6 5. Be2 Nc6 6. O-O Nf6 7. d4 cxd4 8. cxd4 Be7 9. Nc3 Qd8 10. Bg5 O-O 11. a3 b6 12. Bd3 Bb7 13. Re1 h6 14. Be3 Bd6 15. Bc2 Ne7 16. Ne5 Nfd5 17. Qd3 Nf5 18. Bd2 Qh4 19. Re4 Qe7 20. Rg4 Nf6 21. Rf4 Rfd8 22. Qe2 g6 23. Re1 Bxe5 24. dxe5 Nd5 25. Rg4 h5 26. Bg5 Qd7 27. Nxd5 Qxd5 28. Be4 Qxe5 29. Rf4 Rd4 30. h4 Bxe4 31. Rxe4 Rxe4 32. Qxe4 Qxe4 33. Rxe4 Rc8 34. f3 Kg7 35. g4 Rc1+ 36. Kf2 Rc2+ 37. Ke1 Ng3 38. Rf4 f5 39. Rd4 hxg4 40. fxg4 fxg4 41. Rxg4 Nf5 42. b4 Ra2 43. Rc4 Rxa3 44. Rc7+ Kg8 45. Kd2 a5 46. b5 Rb3 47. Rc6 Rxb5 48. Rxe6 a4 49. Rxg6+ Kh7 50. Rf6 Kg7 51. Rc6 a3 52. h5 a2 53. Bf6+ Kf7 54. Bc3 Rb1 55. Rf6+ Ke7 56. Rxf5 a1=Q 57. Bxa1 Rxa1 58. Rf4 Rh1 59. Rf5 Ke6 60. Rb5 Kf7 61. Ke3 Kg7 62. Kf4 Kh6 63. Kg4 Rg1+ 64. Kh4 Rh1+ 65. Kg4 Rg1+ 66. Kf4 Rh1 67. Rxb6+ Kxh5 68. Rb5+ Kh4 69. Rb8 Rf1+ 70. Ke3 Rf7 71. Re8 Rf6 72. Ke4 Rf7 73. Rg8 Rf6 74. Ke5 Rf1 75. Rg2 Rf3 76. Ke4 Rf1 77. Rh2+ Kg3 78. Rh5 Kg4 79. Rh7 1/2-1/2


[Site "https://www.chess.com"]

[Event "Titled Tuesday Blitz October 11 Late 2022"]
[White "Koellner, Ruben Gideon"]
[Black "Suleymanli, Aydin"]
[WhiteFideId "12993093"]
[BlackFideId "13413937"]
[WhiteElo "2303"]
[BlackElo "2481"]
[Result "0-1"]
[Round "02"]
[TimeControl "180+1"]
[Date "2022.10.11"]
[WhiteClock "0:00:08"]
[BlackClock "0:00:11"]

1. d4 Nf6 2. Bg5 g6 3. Bxf6 exf6 4. g3 Bg7 5. Bg2 O-O 6. e3 d5 7. Ne2 c6 8. O-O Bg4 9. b3 Bxe2 10. Qxe2 f5 11. c4 dxc4 12. bxc4 Nd7 13. Nc3 Nc5 14. Qc2 Qa5 15. Rab1 Rab8 16. Rb2 Rfc8 17. Rfb1 b6 18. h4 h5 19. Rb4 Qa3 20. R1b2 Ne6 21. c5 Nxc5 22. Nb1 Qa5 23. dxc5 Bxb2 24. Qxb2 Qxc5 25. Nd2 Rd8 26. Nf3 a5 27. Rb3 Rd1+ 28. Kh2 Qd6 29. Nd4 c5 30. Nb5 Qe6 31. Qc2 Rbd8 32. Rb2 g5 33. Nc7 Qe5 34. Nd5 R1xd5 35. Bxd5 Rxd5 36. hxg5 h4 37. Rxb6 hxg3+ 38. fxg3 Qxe3 39. Rb8+ Kh7 40. Kh3 Rd3 41. Qg2 Qxg5 42. Kh2 Qh5+ 43. Kg1 Rd1+ 44. Kf2 Rd2+ 45. Kg1 Rxg2+ 46. Kxg2 Qe2+ 47. Kh3 Qg4+ 48. Kg2 f4 49. Rb3 c4 50. Rf3 fxg3 51. Rxg3 Qxg3+ 52. Kxg3 c3 0-1


[Site "https://www.chess.com"]

[Event "Titled Tuesday Blitz October 11 Late 2022"]
[White "Kollars, Dmitrij"]
[Black "Krishnan, Varun"]
[WhiteFideId "12909572"]
[BlackFideId "5054508"]
[WhiteElo "2584"]
[BlackElo "2628"]
[Result "1-0"]
[Round "02"]
[TimeControl "180+1"]
[Date "2022.10.11"]
[WhiteClock "0:00:14"]
[BlackClock "0:00:03"]

1. Nf3 d5 2. g3 g6 3. Bg2 Bg7 4. d4 Nf6 5. O-O O-O 6. c3 b6 7. a4 a5 8. Bf4 Bb7 9. Na3 Nbd7 10. Re1 Ne4 11. Nd2 Nxd2 12. Qxd2 Nf6 13. Bh6 Qd7 14. Bxg7 Kxg7 15. Nc4 e6 16. Ne5 Qe7 17. Qf4 Nd7 18. e4 dxe4 19. Bxe4 Bxe4 20. Rxe4 Nxe5 21. Qxe5+ Kg8 22. d5 Rfe8 23. dxe6 Qxe6 24. Qxe6 Rxe6 25. Rxe6 fxe6 26. Rd1 Rf8 27. f4 Kg7 28. Kg2 Rf7 29. Rd8 Kf6 30. Kf3 e5 31. b4 axb4 32. cxb4 exf4 33. gxf4 c5 34. Rd6+ Kf5 35. Rxb6 cxb4 36. Rxb4 Rc7 37. Rb5+ Kf6 38. a5 Rc3+ 39. Ke4 Rc4+ 40. Ke3 Ra4 41. h4 h5 42. Rg5 Ra3+ 43. Kd2 Ra4 44. Kc3 Rxf4 45. Kb3 Rf1 46. Rg2 Rd1 47. a6 Rd8 48. Rg5 Rd1 49. Kc4 Ra1 50. Kb5 Ra2 51. Kb6 Rb2+ 52. Rb5 Re2 53. a7 Re8 54. Kb7 Re7+ 55. Ka6 Re6+ 56. Rb6 Rxb6+ 57. Kxb6 1-0


[Site "https://www.chess.com"]

[Event "Titled Tuesday Blitz October 11 Late 2022"]
[White "Korkmaz, Necmettin"]
[Black "Djordjevic, Dejan N"]
[WhiteFideId "6303285"]
[BlackFideId "913316"]
[WhiteElo "2094"]
[BlackElo "2262"]
[Result "0-1"]
[Round "02"]
[TimeControl "180+1"]
[Date "2022.10.12"]
[WhiteClock "0:00:15"]
[BlackClock "0:00:04"]

1. e4 c5 2. Nc3 Nc6 3. f4 d6 4. Nf3 e6 5. Bc4 Nf6 6. d3 a6 7. a4 Be7 8. O-O b6 9. Qe1 Nb4 10. Bb3 d5 11. exd5 exd5 12. Ne5 O-O 13. Bd2 Bb7 14. Ne2 Nc6 15. Nxc6 Bxc6 16. Ng3 Re8 17. Qf2 Qd7 18. f5 b5 19. axb5 axb5 20. Rxa8 Rxa8 21. c4 bxc4 22. dxc4 d4 23. Bc2 Rb8 24. Rb1 d3 25. Bd1 Ne4 26. Nxe4 Bxe4 27. Bg4 Bf6 28. Kh1 Qc6 29. Bf4 Rb4 30. Be3 Rxc4 31. Rd1 h6 32. h3 Rc2 33. Rd2 c4 34. Rxc2 dxc2 35. Bc1 c3 36. bxc3 Qxc3 37. Qe2 Qd3 38. Qxd3 Bxd3 39. Kh2 Bg5 40. Bb2 c1=Q 41. Bxc1 Bxc1 42. Kg3 g5 43. Kf3 f6 44. Kf2 Kf7 45. Ke1 Ke7 46. Kf2 Kd6 47. Kf3 Ke5 48. Bh5 Bxf5 49. Be8 Be6 50. g4 f5 51. gxf5 Bxf5 52. Kg2 Kf4 53. Bh5 Bd2 54. Kh2 Be1 55. Bd1 Bg3+ 56. Kg2 Be4+ 57. Kg1 Bf3 58. Bc2 h5 59. Ba4 Ke3 60. Bd7 g4 61. hxg4 hxg4 62. Bc8 Bf2+ 63. Kf1 g3 64. Bh3 Kf4 65. Bg2 Bxg2+ 66. Kxg2 Kg4 67. Kh1 Be1 68. Kg2 Bd2 69. Kh1 Kf3 70. Kg1 Be3+ 71. Kf1 g2+ 72. Ke1 g1=Q# 0-1


[Site "https://www.chess.com"]

[Event "Titled Tuesday Blitz October 11 Late 2022"]
[White "Kostiukov, Alexandr"]
[Black "Richter, Paul"]
[WhiteFideId "14108100"]
[BlackFideId "2046350"]
[WhiteElo "2202"]
[BlackElo "2502"]
[Result "1-0"]
[Round "02"]
[TimeControl "180+1"]
[Date "2022.10.12"]
[WhiteClock "0:00:29"]
[BlackClock "0:00:14"]

1. g3 Nf6 2. Bg2 g6 3. c4 Bg7 4. Nf3 O-O 5. O-O d6 6. d4 Nbd7 7. Nc3 e5 8. h3 exd4 9. Qxd4 Re8 10. Qh4 h5 11. Bg5 c6 12. Ne4 Qe7 13. Nfd2 Qe6 14. Nxf6+ Nxf6 15. Nf3 Ne4 16. Rab1 Nxg5 17. Nxg5 Qxe2 18. Qf4 Qe7 19. Rbe1 Be5 20. Qd2 Qf8 21. f4 Bg7 22. Ne4 Rd8 23. Qe2 d5 24. cxd5 cxd5 25. Ng5 Bf5 26. g4 hxg4 27. hxg4 Qc5+ 28. Kh2 Re8 29. Qxe8+ Rxe8 30. Rxe8+ Bf8 31. gxf5 gxf5 32. Rf3 Qd6 33. Rg3 Qd7 34. Ne6+ Kh8 35. Rxf8+ Kh7 36. Rxf7+ 1-0


[Site "https://www.chess.com"]

[Event "Titled Tuesday Blitz October 11 Late 2022"]
[White "Kouskoutis, Georgios-Alexandros"]
[Black "Bernadskiy, Vitaliy"]
[WhiteFideId "4234049"]
[BlackFideId "14100371"]
[WhiteElo "2187"]
[BlackElo "2473"]
[Result "0-1"]
[Round "02"]
[TimeControl "180+1"]
[Date "2022.10.12"]
[WhiteClock "0:00:03"]
[BlackClock "0:00:07"]

1. c4 e6 2. g3 d5 3. Bg2 Nf6 4. Nf3 Be7 5. O-O O-O 6. b3 c6 7. Bb2 b5 8. d3 Bb7 9. Nbd2 a5 10. a3 Na6 11. Qc2 Rc8 12. Rad1 Qb6 13. e4 Rfd8 14. h3 bxc4 15. bxc4 Nc5 16. Rb1 Qa6 17. Rfd1 dxe4 18. Nxe4 Ncxe4 19. dxe4 c5 20. Nd2 Ba8 21. e5 Nd7 22. Bxa8 Qxa8 23. Bc3 Nb8 24. Ne4 Nc6 25. Nd6 Rb8 26. Rb5 Qa7 27. Qe4 Rxb5 28. cxb5 Bxd6 29. exd6 Nd4 30. Bxd4 Rxd6 31. a4 cxd4 32. Rd3 g6 33. Qe5 Rd5 34. Qf6 Qc7 35. Rxd4 Qc1+ 36. Kg2 Qc5 37. Rxd5 Qxd5+ 38. Qf3 Qd4 39. Qa8+ Kg7 40. b6 Qxb6 41. Qe4 Qb4 42. Qxb4 axb4 43. a5 b3 44. a6 b2 45. a7 b1=Q 46. a8=Q Qb2 47. Qf3 Qf6 48. Qe4 h5 49. h4 Qf5 50. Qd4+ Kh7 51. f3 Qd5 52. Qxd5 exd5 53. Kf2 Kg7 54. Ke3 Kf6 55. Kd4 Ke6 56. g4 Kd6 57. gxh5 gxh5 0-1


[Site "https://www.chess.com"]

[Event "Titled Tuesday Blitz October 11 Late 2022"]
[White "Kovanova, Baira"]
[Black "Sailer, Mike"]
[WhiteFideId "4164083"]
[BlackFideId "2012901"]
[WhiteElo "2217"]
[BlackElo "2109"]
[Result "0-1"]
[Round "02"]
[TimeControl "180+1"]
[Date "2022.10.12"]
[WhiteClock "0:02:28"]
[BlackClock "0:01:57"]

1. e4 d5 2. exd5 Qxd5 3. Nc3 Qd6 4. d4 Nf6 5. Nf3 c6 6. h3 Bf5 7. Bd3 Bxd3 8. Qxd3 e6 9. O-O Be7 10. Ne5 O-O 11. Bf4 Qd8 12. Rad1 Nbd7 13. Rfe1 Nxe5 14. Bxe5 Bd6 15. Qf3 Qe7 16. Qg3 Rad8 17. Ne4 Bxe5 18. dxe5 Nxe4 0-1


[Site "https://www.chess.com"]

[Event "Titled Tuesday Blitz October 11 Late 2022"]
[White "Koziorowicz, Michal"]
[Black "Nakamura, Hikaru"]
[WhiteFideId "21809194"]
[BlackFideId "2016192"]
[WhiteElo "2220"]
[BlackElo "2909"]
[Result "1/2-1/2"]
[Round "02"]
[TimeControl "180+1"]
[Date "2022.10.11"]
[WhiteClock "0:00:18"]
[BlackClock "0:00:20"]

1. e4 g6 2. d4 Bg7 3. Nc3 a6 4. Be3 b5 5. h4 Bb7 6. f3 d6 7. h5 e6 8. g4 Nf6 9. h6 Bf8 10. Nh3 Be7 11. Qd2 Nbd7 12. Ne2 Nb6 13. Ng3 Nfd7 14. O-O-O O-O 15. Kb1 d5 16. e5 Nc4 17. Bxc4 bxc4 18. Bg5 Bxg5 19. Nxg5 c3 20. Qf4 cxb2 21. Rdg1 Qe7 22. Nh5 c5 23. Rg2 cxd4 24. Rhg1 Rac8 25. Nf6+ Nxf6 26. Qxf6 Qxf6 27. exf6 Rc6 28. f4 Rb6 29. Rd2 a5 30. Nf3 Ba6 31. Rxd4 Rc8 32. Ne5 Rc3 33. f5 Re3 34. Nd7 Rd6 35. Nc5 exf5 36. gxf5 Bc4 37. Rgd1 Bb5 38. Rxd5 Rxd5 39. Rxd5 g5 40. c4 Be8 41. Kxb2 g4 42. Rd4 Re5 43. Rxg4+ Kf8 44. Ne4 Rxf5 45. Rg7 Bd7 46. Rxh7 Kg8 47. Rg7+ Kh8 48. Rxf7 Be6 49. Re7 Bxc4 50. Nd6 Rf2+ 51. Kc3 Bxa2 52. f7 Bxf7 53. Nxf7+ Kh7 54. Kb3 Rf4 55. Nd6+ Kxh6 56. Nc4 a4+ 57. Kb4 a3 58. Ra7 a2 59. Rxa2 Kg6 60. Re2 Kf6 61. Kc5 Rf5+ 62. Kd6 Rf4 63. Re6+ Kf5 64. Nb6 Rf1 65. Nd5 Ra1 66. Rf6+ Kg5 67. Rf8 Rd1 68. Ke5 Re1+ 69. Kd4 Rd1+ 70. Ke4 Re1+ 71. Ne3 Kg6 72. Rg8+ Kf7 73. Rg5 Ra1 74. Nd5 Re1+ 75. Kf5 Rf1+ 76. Nf4 Ra1 77. Rh5 Ra5+ 78. Kg4 Rxh5 79. Kxh5 1/2-1/2


[Site "https://www.chess.com"]

[Event "Titled Tuesday Blitz October 11 Late 2022"]
[White "Kravtsiv, Martyn"]
[Black "Golubev, Mikhail"]
[WhiteFideId "14113147"]
[BlackFideId "14100983"]
[WhiteElo "2694"]
[BlackElo "2374"]
[Result "1-0"]
[Round "02"]
[TimeControl "180+1"]
[Date "2022.10.12"]
[WhiteClock "0:00:27"]
[BlackClock "0:00:11"]

1. e4 c5 2. Nf3 d6 3. Bb5+ Bd7 4. Bxd7+ Qxd7 5. c4 g6 6. Nc3 Bg7 7. d4 cxd4 8. Nxd4 Nf6 9. f3 O-O 10. Be3 Nc6 11. O-O a6 12. Qd3 Rfb8 13. a4 Rc8 14. b3 e6 15. Rad1 d5 16. Nxc6 bxc6 17. e5 Ne8 18. f4 Rab8 19. Ne4 Qe7 20. Nc5 a5 21. Bf2 Rb4 22. Qc2 f6 23. exf6 Nxf6 24. Rfe1 Ng4 25. Nxe6 Nxf2 26. Qxf2 Rxb3 27. Nc5 1-0


[Site "https://www.chess.com"]

[Event "Titled Tuesday Blitz October 11 Late 2022"]
[White "Le Goff, Ronan"]
[Black "Paravyan, David"]
[WhiteFideId "612073"]
[BlackFideId "4194985"]
[WhiteElo "2276"]
[BlackElo "2555"]
[Result "0-1"]
[Round "02"]
[TimeControl "180+1"]
[Date "2022.10.12"]
[WhiteClock "0:01:12"]
[BlackClock "0:00:53"]

1. d4 Nf6 2. Nf3 g6 3. Nc3 d5 4. Bf4 Bg7 5. e3 O-O 6. Be2 c5 7. h3 cxd4 8. exd4 Nc6 9. Ne5 Ne4 10. Nxe4 dxe4 11. Nxc6 bxc6 12. c3 Qb6 13. Qb3 Be6 14. Qxb6 axb6 15. a3 b5 16. O-O Bd5 17. Rfc1 Rfe8 18. Be3 e5 19. dxe5 Bxe5 20. Rd1 Bb3 21. Rd7 Rad8 22. Rxd8 Rxd8 23. g3 f5 24. h4 Kf7 25. Kf1 Ke6 26. Ke1 Rd7 27. Bd1 Bxd1 28. Rxd1 Rxd1+ 29. Kxd1 Kd5 30. Kc2 c5 31. b3 c4 32. b4 Kc6 33. Kd2 Kd5 34. Kc2 Bc7 35. Kd2 Bd8 36. Bh6 Bf6 37. Be3 Bg7 38. Kc2 Ke6 39. Bg5 Be5 40. Bh6 Bb8 41. Be3 Kf6 42. Bd4+ Kf7 43. Kb2 f4 44. gxf4 Bxf4 45. a4 bxa4 46. Ka3 h5 47. b5 g5 48. hxg5 h4 49. b6 h3 50. Be3 Bxe3 51. fxe3 h2 52. b7 h1=Q 0-1


[Site "https://www.chess.com"]

[Event "Titled Tuesday Blitz October 11 Late 2022"]
[White "Lopez Del Alamo, Antonio"]
[Black "Principe, Gerson"]
[WhiteFideId "2227339"]
[BlackFideId "3804550"]
[WhiteElo "2175"]
[BlackElo "2280"]
[Result "0-1"]
[Round "02"]
[TimeControl "180+1"]
[Date "2022.10.12"]
[WhiteClock "0:00:36"]
[BlackClock "0:01:24"]

1. e4 c5 2. Nf3 e6 3. d3 Nc6 4. g3 Nf6 5. Bg2 d5 6. Qe2 Be7 7. O-O O-O 8. e5 Nd7 9. c4 Nb6 10. h4 f6 11. Bf4 f5 12. Nc3 d4 13. Nb1 a5 14. Na3 Bd7 15. Nb5 Nc8 16. Bg5 N6a7 17. a4 Bc6 18. b3 Qd7 19. Bxe7 Nxe7 20. Ng5 Bxg2 21. Kxg2 Nxb5 22. axb5 h6 23. Nh3 g6 24. Nf4 Kf7 25. Rfe1 b6 26. Qf3 Rg8 27. Kf1 Raf8 28. Re2 Qc8 29. Rae1 Ke8 30. Nd5 exd5 31. cxd5 Qb7 32. e6 Qxd5 33. Qxd5 Nxd5 34. e7 Rf6 35. Re6 Rxe6 36. Rxe6 Kd7 37. Rxb6 Nxb6 0-1


[Site "https://www.chess.com"]

[Event "Titled Tuesday Blitz October 11 Late 2022"]
[White "Luch, Michal"]
[Black "Bortnyk, Olexandr"]
[WhiteFideId "1120042"]
[BlackFideId "14120828"]
[WhiteElo "2363"]
[BlackElo "2723"]
[Result "0-1"]
[Round "02"]
[TimeControl "180+1"]
[Date "2022.10.11"]
[WhiteClock "0:00:03"]
[BlackClock "0:00:21"]

1. d4 d6 2. e4 Nf6 3. Nc3 Nbd7 4. g4 h6 5. h3 e5 6. Nge2 b5 7. Nxb5 Nxe4 8. Bg2 Bb7 9. O-O a6 10. Na3 d5 11. dxe5 Bxa3 12. bxa3 Nxe5 13. Rb1 Bc6 14. Qd4 Qf6 15. Bb2 Nf3+ 16. Bxf3 Qxf3 17. Qe5+ Kd7 18. Nd4 Nd2 19. Rfd1 Rae8 20. Qxe8+ Rxe8 21. Nxf3 Nxf3+ 22. Kf1 g5 23. Bd4 Bb5+ 24. Kg2 Nh4+ 25. Kg3 Re2 26. c3 Rxa2 27. Re1 f5 28. gxf5 Nxf5+ 29. Kg4 Nxd4 30. cxd4 Rxf2 31. Re3 Rf4+ 32. Kh5 Rh4+ 33. Kg6 g4 34. hxg4 Rxg4+ 35. Kxh6 Rxd4 36. Rbe1 Rd2 37. Kg5 d4 38. Rh3 Kd6 39. Rh6+ Kd5 40. Kf4 Rf2+ 41. Kg3 Rc2 42. Re7 c5 43. Kf4 Kc4 44. Re5 Kb3 45. Rh3+ d3 46. a4 Kxa4 47. Ke3 Re2+ 48. Kf4 Rxe5 49. Kxe5 d2 50. Rh1 Be2 0-1


[Site "https://www.chess.com"]

[Event "Titled Tuesday Blitz October 11 Late 2022"]
[White "Mahajan, Rushaan"]
[Black "Ward, Ieuan C"]
[WhiteFideId "30934222"]
[BlackFideId "406627"]
[WhiteElo "2148"]
[BlackElo "2338"]
[Result "0-1"]
[Round "02"]
[TimeControl "180+1"]
[Date "2022.10.12"]
[WhiteClock "0:00:02"]
[BlackClock "0:00:29"]

1. Nf3 d5 2. g3 Nf6 3. Bg2 e6 4. c4 Be7 5. d4 O-O 6. Nc3 a6 7. b3 c5 8. cxd5 exd5 9. O-O Nc6 10. Bb2 Bg4 11. dxc5 Bxc5 12. Rb1 Ne4 13. Nxd5 Qa5 14. Qd3 Rfe8 15. h3 Bh5 16. b4 Nxb4 17. Nxb4 Bxb4 18. Qd4 Bf8 19. Rfd1 Rad8 20. Qc4 Rxd1+ 21. Rxd1 Bxf3 22. Bxf3 Nd2 23. Qc3 Nxf3+ 24. Qxf3 Qxa2 25. Qc3 Rxe2 26. Rd8 Qxb2 27. Qc5 Qb1+ 28. Kh2 h6 29. Qxf8+ Kh7 30. Qg8+ Kg6 31. Rd6+ f6 32. Kg2 Qe4+ 33. Kf1 Re1# 0-1


[Site "https://www.chess.com"]